 Dungeon Crawl Stone Soup version 0.31-a0-426-g3a05650e59 (webtiles) character file.

Game seed: 12285461039832347858

24 floatRand the Ruffian (level 2, -2/23 HPs)
             Began as a Draconian Shapeshifter on July 30, 2023.
             Frozen to death by an endoplasm (3 damage)
             ... on level 1 of the Dungeon.
             The game lasted 00:00:25 (431 turns).

floatRand the Ruffian (Draconian Shapeshifter)       Turns: 431, Time: 00:00:26

Health: -2/23      AC:  4    Str: 17    XL:     2   Next: 79%
Magic:  2/2        EV: 12    Int:  8    God:
Gold:   23         SH:  0    Dex: 11    Spells: 1/1 levels left

rFire   . .          .
                       - Unarmed
rCold   . . .        (no shield)
rNeg    . . .        (body armour unavailable)
rPois   .            (helmet currently unavailable)
rElec   .            (cloak currently unavailable)
rCorr   .            (gloves currently unavailable)
SInv    .            (boots currently unavailable)
Will    .....        (no amulet)
Stlth   +            (no ring)
HPRegen 0.23/turn    (no ring)
MPRegen 0.08/turn

%: no passive effects
@: beast-form, slowed, very slow
A: beast (slay +2), AC +4, unfitting armour, cold-blooded
a: Begin Untransformation


You were on level 1 of the Dungeon.
You were a hulking beast.
You visited 1 branch of the dungeon, and saw 1 of its levels.

You collected 23 gold pieces.

Inventory:

Talismans
 b - a beast talisman (active)
Scrolls
 c - a scroll of silence {unknown}
 d - a scroll of torment {unknown}
Potions
 a - a potion of lignification
 e - a potion of curing {unknown}


   Skills:
 - Level 1.1 Fighting
 - Level 1.7 Dodging
 * Level 3.7 Unarmed Combat
 + Level 3.2 Shapeshifting


You had one spell level left.
You didn't know any spells.
Your spell library was empty.

Dungeon Overview and Level Annotations

Branches:
Dungeon (1/15)

Altars:


Innate Abilities, Weirdness & Mutations

You are a hulking beast.
Your limbs bulge with bestial killing power. (Slay +2)
Your plain brown scales are hard. (AC +4)
You cannot fit into any form of body armour.
You are cold-blooded and may be slowed by cold attacks.


Message History

The endoplasm hits you but does no damage. x2
Things that are here:
a +0 dagger; a goblin corpse The goblin attacks as you move away!
The goblin hits you with a +0 club. The endoplasm closely misses you.
The endoplasm misses you.
You hit the goblin.
You kill the goblin!
The endoplasm closely misses you.
The endoplasm hits you but does no damage.
The hobgoblin misses you. The endoplasm freezes you.
You are frozen.
You feel as though you will be slow longer.
The hobgoblin hits you. The endoplasm closely misses you.
You are too injured to fight recklessly!
Unknown command.
You are too injured to fight recklessly!
Unknown command.
The hobgoblin attacks as you move away! The hobgoblin barely misses you.
The endoplasm attacks as you move away!
The endoplasm hits you but does no damage.
The hobgoblin attacks as you move away! The hobgoblin hits you.
The endoplasm attacks as you move away! The endoplasm hits you.
* * * LOW HITPOINT WARNING * * *
The endoplasm hits you but does no damage.
The hobgoblin hits you but does no damage.
The endoplasm misses you.
The endoplasm hits you but does no damage.
The endoplasm attacks as you move away! The endoplasm misses you.
The endoplasm attacks as you move away! The endoplasm misses you.
The endoplasm attacks as you move away! The endoplasm hits you.
* * * LOW HITPOINT WARNING * * *
The endoplasm freezes you.
You are frozen.
* * * LOW HITPOINT WARNING * * *
You feel as though you will be slow longer.
The hobgoblin hits you but does no damage.
The endoplasm freezes you.
You are frozen.
You die...

...####### #...# #....# ##
)........# ##'######## #....#
.........# #........###....#
##.......# #..........#....#
######### ###..........#....#
###8.8###.............#....####
#......##.##..........#....[..#
#......## #...J......#######..
# #...8..## #..hJ......# ##.
###......8# #..gJ......# ##
..'......<# #......?...# #
###......8# #......)...####
#...8..## #.............#
#......# #######...#...+
#......# ....#...# ###8.8##
..##.# ..# ##### ... .# .#


You could see 3 endoplasms and a hobgoblin.

Vanquished Creatures
  A dart slug (D:1)
  2 ball pythons (D:1)
  2 bats (D:1)
  3 endoplasms (D:1)
  A giant cockroach (D:1)
  3 goblins (D:1)
  A hobgoblin (D:1)
  4 jackals (D:1)
  A frilled lizard (D:1)
18 creatures vanquished.

Notes
Turn   | Place    | Note
-------+----------+-------------------------------------------
     0 | D:1      | floatRand the Draconian Shapeshifter began the quest for
                  | the Orb.
     0 | D:1      | Reached XP level 1. HP: 16/16 MP: 1/1
   182 | D:1      | Reached XP level 2. HP: 23/23 MP: 2/2
   431 | D:1      | HP: 1/23 [frozen (3)]
   431 | D:1      | Frozen to death by an endoplasm

Illustrated notes

Levels and vault maps discovered:
D:1:      mrwooster_arrival_statue_3, layout_basic, minmay_tree_intersection,
          chequers_jeans

Action                     || total
---------------------------++-------
  Melee: Unarmed           ||    41
         Tailslap          ||     5
 Armour: Skin              ||    22
  Dodge: Dodged            ||    42

Table legend: (Time is in decaauts)
 A = Elapsed time spent in this place.
 B = Non-inter-level travel time spent in this place.
 C = Inter-level travel time spent in this place.
 D = Time resting spent in this place.
 E = Time spent auto-exploring this place.
 F = Levels seen in this place.
 G = Mean time per level.
                   A        B        C        D        E       F      G
               +--------+--------+--------+--------+--------+-----+--------+
         Total |    435 |    435 |      0 |     32 |    280 |   1 |  435.0 |
       Dungeon |    435 |    435 |      0 |     32 |    280 |   1 |  435.0 |
               +--------+--------+--------+--------+--------+-----+--------+

Top non-repeatable levels by time:
     D:1: 435 daAuts
